 Dungeon Crawl Stone Soup version 0.22-a0-409-gb855193 (webtiles) character file.

127 Borgoz the Skirmisher (level 5, 0/33 HPs)
             Began as a Gargoyle Fighter on May 10, 2018.
             Slain by Crazy Yiuf
             ... wielding a +4 quarterstaff of chaos
              (10 damage)
             ... on level 2 of the Dungeon.
             The game lasted 00:02:46 (1850 turns).

Borgoz the Skirmisher (Gargoyle Fighter)            Turns: 1850, Time: 00:02:47

Health: 0/33       AC: 11    Str: 20    XL:     5   Next: 11%
Magic:  0/5        EV:  8    Int:  8    God:
Gold:   117        SH:  9    Dex: 10    Spells: 4/4 levels left

rFire    . . .     SeeInvis .   a - +0 war axe
rCold    . . .     Gourm    .   c - +0 shield
rNeg     + . .     Faith    .   b - +0 scale mail
rPois    ∞         Spirit   .   (no helmet)
rElec    +         Reflect  .   (no cloak)
rCorr    .         Harm     .   (no gloves)
MR       .....                  (no boots)
Stlth    ..........             (no amulet)
HPRegen  0.11/turn              (no ring)
MPRegen  0.09/turn              (no ring)

@: very slightly contaminated, invisible (expiring)
A: negative energy resistance 1, electricity resistance, unbreathing,
petrification resistance, rot immunity, AC +4
a: no special abilities


You were on level 2 of the Dungeon.
You were hungry.

You visited 1 branch of the dungeon, and saw 2 of its levels.

You collected 117 gold pieces.

Inventory:

Hand Weapons
 a - a +0 war axe (weapon)
Armour
 b - a +0 scale mail (worn)
 c - a +0 shield (worn)
 m - a +0 helmet
Scrolls
 e - a scroll of fear {unknown}
 j - a scroll of blinking {unknown}
Potions
 d - a potion of might
 g - a potion of haste {unknown}
 i - 2 potions of heal wounds {unknown}
 k - a potion of ambrosia {unknown}
 l - a potion of invisibility {unknown}
Comestibles
 f - 4 rations


   Skills:
 + Level 4.0 Fighting
 * Level 3.1 Axes
 + Level 3.8 Armour
 + Level 1.2 Dodging
 + Level 3.8 Shields


You had 4 spell levels left.
You didn't know any spells.

Dungeon Overview and Level Annotations

Branches:
Dungeon (2/15)

Altars:
Sif Muna
Vehumet
Yredelemnul

Annotations:
D:2 Crazy Yiuf


Innate Abilities, Weirdness & Mutations

You are resistant to torment.
Your stone body is resilient. (AC +4)
You are immune to poison.
You resist negative energy. (rN+)
You are resistant to electric shocks. (rElec)
You can survive without breathing.
You are immune to petrification.
You are immune to rotting.


Message History

Crazy Yiuf is lightly wounded.
Crazy Yiuf barely misses you.
You closely miss Crazy Yiuf.
Crazy Yiuf is lightly wounded.
You block Crazy Yiuf's attack.
You closely miss Crazy Yiuf.
Crazy Yiuf is lightly wounded.
Crazy Yiuf hits you but does no damage. You block Crazy Yiuf's attack.
You hit Crazy Yiuf.
Crazy Yiuf is lightly wounded.
Crazy Yiuf hits you with a quarterstaff of chaos!
You barely miss Crazy Yiuf.
Crazy Yiuf is lightly wounded.
You are feeling hungry.
You block Crazy Yiuf's attack.
You hit Crazy Yiuf.
Crazy Yiuf is moderately wounded.
You flicker for a moment.
Crazy Yiuf hits you with a quarterstaff of chaos!
You die...

..........#
#....#
..........#
♣....♣
....##....#
♣♣..)♣
....##....##
♣♣)♣♣
....###....#
♣♣)♣
...........#
♣)♣♣
....###....#
♣♣)♣
....###....#
♣)♣♣
####.......#
#@#
####....#+##
#)g)#
........#+##
#)))#
.>.........#
#).)#
.....##....#
#####
.#.#.#.#.#.#
####
...........#
#..#
.#.#.#.#.#.#
##.#
.........>.#
#.#


You could see Crazy Yiuf.

Vanquished Creatures
  5 adders (D:2)
  2 oozes
  A worm (D:2)
  3 dart slugs
  3 leopard geckos
  2 giant cockroaches (D:2)
  14 goblins
  8 hobgoblins
  4 jackals (D:2)
  6 kobolds
  A quokka (D:2)
  5 bats
  A frilled lizard (D:1)
  2 rats (D:1)
57 creatures vanquished.

Notes
Turn   | Place    | Note
-------+----------+-------------------------------------------
     0 | D:1      | Borgoz the Gargoyle Fighter began the quest for the Orb.
     0 | D:1      | Reached XP level 1. HP: 14/14 MP: 1/1
    58 | D:1      | Reached XP level 2. HP: 19/19 MP: 2/2
   314 | D:1      | Reached XP level 3. HP: 23/23 MP: 3/3
  1083 | D:2      | Reached XP level 4. HP: 28/29 MP: 4/4
  1096 | D:2      | Reached skill level 1 in Dodging
  1412 | D:2      | Found a radiant altar of Vehumet.
  1413 | D:2      | Found a deep blue altar of Sif Muna.
  1414 | D:2      | Found a basalt altar of Yredelemnul.
  1417 | D:2      | Found a transporter.
  1429 | D:2      | Found a transporter.
  1433 | D:2      | Reached skill level 4 in Fighting
  1433 | D:2      | Reached XP level 5. HP: 33/33 MP: 5/5
  1837 | D:2      | Found a runed door.
  1841 | D:2      | Noticed Crazy Yiuf
  1850 | D:2      | Slain by Crazy Yiuf

Vault maps used:
D:1:      dpeg_arrival_boxes_within_box
D:2:      gammafunk_temple_overflow_arena, nrook_mini_vaults, st_stairs_11,
          uniq_crazy_yiuf_cottage

Skill      XL: |  1  2  3  4 |
---------------+-------------+-----
Axes           | 2 3 |  3.1
Dodging        | 1 |  1.2
Fighting       | 4 |  4.0
Armour         | |  3.8
Shields        | |  3.8

Action                   |  1- 3 |  4- 6 || total
-------------------------+-------+-------++-------
Melee: War axe           |   108 |    90 ||   198
  Eat: Chunk             |     1 |     2 ||     3
Armor: Scale mail        |    72 |    74 ||   146
Dodge: Dodged            |    55 |    32 ||    87
Block: Shield            |    65 |    67 ||   132

Table legend:
 A = Spawn XP
 B = Non-spawn XP
 C = Spawn XP percentage of total XP
 D = Spawn monster count
 E = Non-spawn monster count
 F = Spawn count percentage of total count
 G = Total turns spent on level
                    A         B        C        D         E        F      G
               +---------+---------+-------+---------+---------+-------+---------
         Total |       0 |     182 |   0.0 |       0 |      57 |   0.0 |  1850
               +---------+---------+-------+---------+---------+-------+---------
           D:1 |       0 |      56 |   0.0 |       0 |      26 |   0.0 |  1022
           D:2 |       0 |     126 |   0.0 |       0 |      31 |   0.0 |   828
               +---------+---------+-------+---------+---------+-------+---------
